 Dungeon Crawl Stone Soup version 0.29-a0-721-g7f417c9bbb (webtiles) character file.

Game seed: 9766141139915167714

62 hquester1 the Shield-Bearer (level 3, 0/33 HPs)
             Began as a Minotaur Fighter on June 27, 2022.
             Slain by a gnoll
             ... wielding a +0 spear
              (6 damage)
             ... on level 3 of the Dungeon.
             The game lasted 00:03:21 (1551 turns).

hquester1 the Shield-Bearer (Minotaur Fighter)      Turns: 1551, Time: 00:03:22

Health: 0/33       AC:  8    Str: 20    XL:     3   Next: 85%
Magic:  2/2        EV: 13    Int:  5    God:
Gold:   87         SH:  4    Dex: 11    Spells: 2/2 levels left

rFire   + + .      SeeInvis .   a - +0 flail
rCold   + . .      Faith    .   c - +0 buckler
rNeg    . . .      Spirit   .   b - +0 scale mail
rPois   .          Reflect  .   (helmet restricted)
rElec   .          Harm     .   (no cloak)
rCorr   .          Rampage  .   o - +0 pair of gloves of Eternal Night {rF++ rC+}
Will    .....                   (no boots)
Stlth   ..........              (no amulet)
HPRegen 0.11/turn               k - +4 ring of evasion
MPRegen 0.08/turn               (no ring)

@: no status effects
A: horns 2, retaliatory headbutt
a: no special abilities


You were on level 3 of the Dungeon.
You visited 1 branch of the dungeon, and saw 3 of its levels.

You collected 87 gold pieces.

Inventory:

Hand Weapons
 a - a +0 flail (weapon)
 n - a +0 hand axe
Armour
 b - a +0 scale mail (worn)
 c - a +0 buckler (worn)
 o - the +0 pair of gloves of Eternal Night (worn) {rF++ rC+}
   (You found it on level 2 of the Dungeon)

   rF:        It greatly protects you from fire.
   rC:        It protects you from cold.
Jewellery
 h - an amulet of magic regeneration
 k - a +4 ring of evasion (left hand)
 p - a ring of ice
Scrolls
 e - a scroll of poison {unknown}
 f - a scroll of brand weapon {unknown}
 g - 2 scrolls of vulnerability {unknown}
 i - a scroll of blinking {unknown}
 m - a scroll of identify
Potions
 d - a potion of might
 j - a potion of invisibility
 l - a potion of flight


   Skills:
 + Level 4.1 Fighting
 + Level 3.2 Maces & Flails
 + Level 4.2 Armour
 + Level 1.2 Dodging
 + Level 4.2 Shields


You had 2 spell levels left.
You didn't know any spells.
Your spell library contained the following spells:

 Spells                   Type           Power      Damage    Failure   Level
 Animate Dead             Necr           0%         N/A       100%        4
 Haunt                    Necr/Summ      0%         N/A       100%        7
 Infestation              Necr           0%         N/A       100%        8


Dungeon Overview and Level Annotations

Branches:
Dungeon (3/15)

Altars:
The Shining One

Shops:
D:2 :


Innate Abilities, Weirdness & Mutations

You have a pair of horns on your head.
You reflexively headbutt those who attack you in melee.


Message History

You headbutt the gnoll, but do no damage.
You barely miss the gnoll. The gnoll misses you.
The gnoll hits you with a +0 club. x2; The gnoll hits you with a +0 flail.
You block the gnoll's attack.
You closely miss the gnoll. The gnoll barely misses you.
You furiously retaliate!
You headbutt the gnoll. The gnoll misses you. The gnoll closely misses you.
You furiously retaliate!
You headbutt the gnoll. The gnoll misses you.
You hit the gnoll.
The gnoll is heavily wounded.
The gnoll closely misses you. The gnoll hits you but does no damage.
The gnoll hits you from afar with a +0 spear.
The gnoll misses you.
You thump the gnoll!
You kill the gnoll!
The gnoll closely misses you. The gnoll hits you with a +0 flail.
The gnoll completely misses you.
You sock the gnoll!
The gnoll is almost dead.
The gnoll hits you with a +0 flail. The gnoll barely misses you.
The gnoll hits you but does no damage. The gnoll closely misses you.
The gnoll hits you with a +0 flail. The gnoll closely misses you.
You hit the gnoll.
You kill the gnoll!
The gnoll hits you with a +0 flail!
* * * LOW HITPOINT WARNING * * *
The gnoll misses you. The gnoll misses you. You furiously retaliate!
You headbutt the gnoll. The gnoll hits you with a +0 spear.
* * * LOW HITPOINT WARNING * * *
You see here a +0 flail.
You sock the gnoll!
The gnoll is almost dead.
The gnoll closely misses you. You furiously retaliate!
You headbutt the gnoll. The gnoll barely misses you.
You closely miss the gnoll.
The gnoll is almost dead.
The gnoll closely misses you. You furiously retaliate!
You headbutt the gnoll. The gnoll hits you with a +0 spear.
You die...

.... ...#
#..## #...#
...# #.)#
##.g##
##.g@.#
####8..)##
...#.....#
#._.......##
#...#......#
### #8....##
##...##
#....#
##..##


You could see 2 gnolls.

Vanquished Creatures
  2 gnolls (D:3)
  2 worms (D:2)
  A dart slug (D:2)
  4 ball pythons
  3 endoplasms (D:1)
  A giant cockroach (D:1)
  2 goblins (D:1)
  4 hobgoblins
  3 kobolds (D:1)
  2 quokkas
  2 bats
  5 rats
  A spectral goblin (D:1)
32 creatures vanquished.

Notes
Turn   | Place    | Note
-------+----------+-------------------------------------------
     0 | D:1      | hquester1 the Minotaur Fighter began the quest for the Orb.
     0 | D:1      | Reached XP level 1. HP: 19/19 MP: 0/0
   119 | D:1      | Found a faded altar of an unknown god.
   304 | D:1      | Reached XP level 2. HP: 27/27 MP: 1/1
   959 | D:2      | Reached XP level 3. HP: 33/33 MP: 2/2
  1094 | D:2      | Found Zucwofid's Book Emporium.
  1226 | D:2      | Reached skill level 1 in Dodging
  1275 | D:2      | Identified the +0 pair of gloves of Eternal Night {rF++
                  | rC+}
  1535 | D:3      | Found a glowing golden altar of the Shining One.
  1551 | D:3      | Slain by a gnoll

Illustrated notes

Levels and vault maps discovered:
D:1:      dpeg_arrival_concentric_ovals, layout_basic,
          dreamdust_ecumenical_altar_drowned_temple
D:2:      layout_basic, serial_shops, shop, chequers_avenue
D:3:      layout_loops_ring, riverfiend_overflow_shadow_ancestor,
          nicolae_tso_carved_into_rock, roderic_roman_lattice,
          kennysheep_small_spiral, minmay_misc_feat_doors, grunt_ministairs_8,
          chequers_big_river, minmay_misc_feat_pillars,
          minmay_misc_feat_ornament, minmay_misc_feat_square

Skill      XL: |  1  2  3 |
---------------+----------+-----
Shields        | 4 |  4.2
Armour         | 4 |  4.2
Fighting       | 4 |  4.1
Maces & Flails | 3 |  3.2
Dodging        | 1 |  1.2

Action                   || total
-------------------------++-------
Melee: Flail             ||    68
       Headbutt          ||    10
  Use: Scroll            ||     2
Armor: Scale mail        ||    21
Dodge: Dodged            ||    41
Block: Buckler           ||    10

Table legend: (Time is in decaauts)
 A = Elapsed time spent in this place.
 B = Non-inter-level travel time spent in this place.
 C = Inter-level travel time spent in this place.
 D = Time resting spent in this place.
 E = Time spent auto-exploring this place.
 F = Levels seen in this place.
 G = Mean time per level.
                   A        B        C        D        E       F      G
               +--------+--------+--------+--------+--------+-----+--------+
         Total |   1577 |   1475 |    102 |      0 |   1182 |   3 |  525.7 |
       Dungeon |   1577 |   1475 |    102 |      0 |   1182 |   3 |  525.7 |
               +--------+--------+--------+--------+--------+-----+--------+

Top non-repeatable levels by time:
     D:1: 954 daAuts
     D:2: 570 daAuts
     D:3: 52 daAuts
